TOP OF THE 1ST |
Minnesota ManBearPigs batting - Pitching for Reading Rainbows : LHP Beau Montgomery
|
Pitching: LHP Beau Montgomery
|
|
Batting: RHB Carlos López
|
0-0: Ball 1-0: Ball 2-0: Called Strike 2-1: Ball 3-1: Fly out, F3 (Flyball, 3DF)
|
Batting: RHB Ryosei Yamamoto
|
0-0: Ball 1-0: Ball 2-0: Called Strike 2-1: Called Strike 2-2: Foul Ball, location: 2F 2-2: Ball 3-2: Ground out 5-3 (Groundball, 56S)
|
Batting: RHB Pat Fernández
|
0-0: Ball 1-0: Foul Ball, location: 2F 1-1: Swinging Strike 1-2: Foul Ball, location: 2F 1-2: Fly out, F9 (Flyball, 9)
|
Top of the 1st over - 0 run(s), 0 hit(s), 0 error(s), 0 left on base; Minnesota 0 - Reading 0 |
BOTTOM OF THE 1ST |
Reading Rainbows batting - Pitching for Minnesota ManBearPigs : LHP Ed Stevens
|
Pitching: LHP Ed Stevens
|
|
Batting: RHB Jeff Townsley
|
0-0: Bunt for hit - play at first, batter OUT! 1-3
|
Batting: RHB Juan Magdayao
|
0-0: Swinging Strike 0-1: Foul Ball, location: 2F 0-2: Strikes out looking
|
Batting: LHB António Salazar
|
0-0: Called Strike 0-1: Foul Ball, location: 2F 0-2: Strikes out swinging
|
Bottom of the 1st over - 0 run(s), 0 hit(s), 0 error(s), 0 left on base; Minnesota 0 - Reading 0 |
TOP OF THE 2ND |
Minnesota ManBearPigs batting - Pitching for Reading Rainbows : LHP Beau Montgomery
|
Batting: RHB Ricardo Salazar
|
0-0: Ground out U3 (Groundball, 3)
|
Batting: RHB Jeffrey Hicks
|
0-0: Ball 1-0: Foul Ball, location: 2F 1-1: Fly out, F9 (Line Drive, 9D)
|
Batting: RHB Tom Hicks
|
0-0: Foul Ball, location: 2F 0-1: Foul Ball, location: 2F 0-2: Fly out, F9 (Flyball, 9S)
|
Top of the 2nd over - 0 run(s), 0 hit(s), 0 error(s), 0 left on base; Minnesota 0 - Reading 0 |
BOTTOM OF THE 2ND |
Reading Rainbows batting - Pitching for Minnesota ManBearPigs : LHP Ed Stevens
|
Batting: RHB Ron King
|
0-0: Swinging Strike 0-1: Called Strike 0-2: Ball 1-2: Ball 2-2: Ground out 3-1 (Groundball, 23)
|
Batting: RHB Ethan Moore
|
0-0: Ball 1-0: Foul Ball, location: 2F 1-1: Foul Ball, location: 2F 1-2: Ball 2-2: Strikes out swinging
|
Batting: LHB Shane Lynch
|
0-0: Called Strike 0-1: Ball 1-1: Foul Ball, location: 2F 1-2: Ball 2-2: Foul Ball, location: 2F 2-2: Ground out 4-3 (Groundball, 4M)
|
Bottom of the 2nd over - 0 run(s), 0 hit(s), 0 error(s), 0 left on base; Minnesota 0 - Reading 0 |
TOP OF THE 3RD |
Minnesota ManBearPigs batting - Pitching for Reading Rainbows : LHP Beau Montgomery
|
Batting: RHB Ichizo Akiyama
|
0-0: Ground out 6-3 (Groundball, 56)
|
Batting: RHB Luis Maldonado
|
0-0: Ball 1-0: Fly out, F9 (Flyball, 9S)
|
Batting: SHB Roberto Rivera
|
0-0: Ball 1-0: Called Strike 1-1: Ball 2-1: Foul Ball, location: 2F 2-2: Foul Ball, location: 2F 2-2: Ball 3-2: Foul Ball, location: 2F 3-2: Fly out, F8 (Flyball, 8LM)
|
Top of the 3rd over - 0 run(s), 0 hit(s), 0 error(s), 0 left on base; Minnesota 0 - Reading 0 |
BOTTOM OF THE 3RD |
Reading Rainbows batting - Pitching for Minnesota ManBearPigs : LHP Ed Stevens
|
Batting: SHB Dan Chandler
|
0-0: Ball 1-0: Called Strike 1-1: Ground out 5-3 (Groundball, 56S)
|
Batting: RHB Hubert Brown
|
0-0: Foul Ball, location: 2F 0-1: SINGLE (Groundball, 4MD)
|
Batting: RHB Louis Smith
|
0-0: Ball 1-0: Swinging Strike 1-1: Foul Ball, location: 2F 1-2: Foul Ball, location: 2F 1-2: Ball 2-2: Strikes out looking
|
Batting: RHB Jeff Townsley
|
0-0: Called Strike 0-1: Called Strike 0-2: Foul Ball, location: 2F 0-2: Ball 1-2: Strikes out swinging
|
Bottom of the 3rd over - 0 run(s), 1 hit(s), 0 error(s), 1 left on base; Minnesota 0 - Reading 0 |
TOP OF THE 4TH |
Minnesota ManBearPigs batting - Pitching for Reading Rainbows : LHP Beau Montgomery
|
Batting: RHB Carlos López
|
0-0: Ball 1-0: Foul Ball, location: 2F 1-1: Ball 2-1: Foul Ball, location: 2F 2-2: Foul Ball, location: 2F 2-2: Foul Ball, location: 2F 2-2: Strikes out swinging
|
Batting: RHB Ryosei Yamamoto
|
0-0: Foul Ball, location: 2F 0-1: Ground out 4-3 (Groundball, 4)
|
Batting: RHB Pat Fernández
|
0-0: Called Strike 0-1: Ball 1-1: DOUBLE (Flyball, 89D)
|
Batting: RHB Ricardo Salazar
|
0-0: Ball 1-0: Called Strike 1-1: SINGLE (Groundball, 56D) Pat Fernández to third Runner from 3rd tries for Home, throw and OUT!
|
Top of the 4th over - 0 run(s), 2 hit(s), 0 error(s), 1 left on base; Minnesota 0 - Reading 0 |
BOTTOM OF THE 4TH |
Reading Rainbows batting - Pitching for Minnesota ManBearPigs : LHP Ed Stevens
|
Now at 1B: Chris Burrell
|
|
Batting: RHB Juan Magdayao
|
0-0: Called Strike 0-1: Foul Ball, location: 2F 0-2: Ball 1-2: Ball 2-2: Ball 3-2: Strikes out swinging passed ball, reaches first!
|
Batting: LHB António Salazar
|
0-0: Ball 1-0: Foul Ball, location: 2F 1-1: Fly out, F5 (Popup, 5)
|
Batting: RHB Ron King
|
0-0: Ball Juan Magdayao is caught stealing 2nd base 1-0: Called Strike 1-1: Called Strike 1-2: Ball 2-2: SOLO HOME RUN (Flyball, 7D), Distance : 367 ft
|
Batting: RHB Ethan Moore
|
0-0: Called Strike 0-1: Swinging Strike 0-2: Fly out, F9 (Flyball, 9S)
|
Bottom of the 4th over - 1 run(s), 1 hit(s), 0 error(s), 0 left on base; Minnesota 0 - Reading 1 |
TOP OF THE 5TH |
Minnesota ManBearPigs batting - Pitching for Reading Rainbows : LHP Beau Montgomery
|
Batting: RHB Jeffrey Hicks
|
0-0: Ball 1-0: Ball 2-0: Ball 3-0: Called Strike 3-1: Ground out U3 (Groundball, 34S)
|
Batting: RHB Tom Hicks
|
0-0: Called Strike 0-1: Foul Ball, location: 2F 0-2: Ball 1-2: Strikes out swinging
|
Batting: RHB Ichizo Akiyama
|
0-0: Ball 1-0: SINGLE (Groundball, 6D)
|
Batting: RHB Luis Maldonado
|
0-0: Ball 1-0: Fly out, F9 (Flyball, 9D)
|
Top of the 5th over - 0 run(s), 1 hit(s), 0 error(s), 1 left on base; Minnesota 0 - Reading 1 |
BOTTOM OF THE 5TH |
Reading Rainbows batting - Pitching for Minnesota ManBearPigs : LHP Ed Stevens
|
Batting: LHB Shane Lynch
|
0-0: Ball 1-0: Called Strike 1-1: Ball 2-1: Ground out 3-1 (Groundball, 34)
|
Batting: SHB Dan Chandler
|
0-0: SINGLE (Line Drive, 6M)
|
Batting: RHB Hubert Brown
|
0-0: Swinging Strike 0-1: Grounds into double play, 6-4-3 (Groundball, 6)
|
Bottom of the 5th over - 0 run(s), 1 hit(s), 0 error(s), 0 left on base; Minnesota 0 - Reading 1 |
TOP OF THE 6TH |
Minnesota ManBearPigs batting - Pitching for Reading Rainbows : LHP Beau Montgomery
|
Batting: SHB Roberto Rivera
|
0-0: Called Strike 0-1: Foul Ball, location: 2F 0-2: Ball 1-2: SINGLE (Groundball, 6MD)
|
Batting: RHB Carlos López
|
0-0: Ball 1-0: Called Strike 1-1: Foul Ball, location: 2F 1-2: Ball 2-2: Ball 3-2: Base on Balls Roberto Rivera to second
|
Batting: RHB Ryosei Yamamoto
|
0-0: Fielders Choice at 2nd, 4-6 (Groundball, 4M) Roberto Rivera to third
|
Batting: RHB Chris Burrell
|
0-0: Ball 1-0: Swinging Strike 1-1: Ball 2-1: Swinging Strike 2-2: Strikes out swinging
|
Batting: RHB Ricardo Salazar
|
0-0: Ball Ryosei Yamamoto steals 2nd base 1-0: Ball 2-0: Ball 3-0: Called Strike 3-1: SINGLE (Line Drive, 4M) Roberto Rivera scores Ryosei Yamamoto to third Runner from 3rd tries for Home, SAFE, throw made home Ricardo Salazar to second
|
Batting: RHB Jeffrey Hicks
|
0-0: Called Strike 0-1: Foul Ball, location: 2F 0-2: Foul Ball, location: 2F 0-2: Fly out, F9 (Flyball, 89M)
|
Top of the 6th over - 2 run(s), 2 hit(s), 0 error(s), 1 left on base; Minnesota 2 - Reading 1 |
BOTTOM OF THE 6TH |
Reading Rainbows batting - Pitching for Minnesota ManBearPigs : LHP Ed Stevens
|
Batting: RHB Louis Smith
|
0-0: Ball 1-0: Swinging Strike 1-1: Ground out 6-3 (Groundball, 6)
|
Batting: RHB Jeff Townsley
|
0-0: Ball 1-0: Swinging Strike 1-1: Ball 2-1: Foul Ball, location: 2F 2-2: Ground out 1-3 (Groundball, 15S)
|
Batting: RHB Juan Magdayao
|
0-0: Ground out 6-3 (Groundball, 6)
|
Bottom of the 6th over - 0 run(s), 0 hit(s), 0 error(s), 0 left on base; Minnesota 2 - Reading 1 |
TOP OF THE 7TH |
Minnesota ManBearPigs batting - Pitching for Reading Rainbows : LHP Beau Montgomery
|
Pitching: LHP Robert Trent
|
|
Batting: RHB Tom Hicks
|
0-0: Ball 1-0: Called Strike 1-1: Hit by Pitch
|
Batting: RHB Ichizo Akiyama
|
0-0: Called Strike Tom Hicks steals 2nd base 0-1: Ball 1-1: Intentional Walk
|
Batting: RHB Luis Maldonado
|
0-0: Bunted foul 0-1: Ball 1-1: Bunted foul 1-2: Ball Wild Pitch! Tom Hicks to third Ichizo Akiyama to second 2-2: Ball 3-2: Ground out 5-3 (Groundball, 56S)
|
Batting: SHB Roberto Rivera
|
0-0: Called Strike 0-1: Called Strike 0-2: Foul Ball, location: 2F 0-2: Ball 1-2: Foul Ball, location: 2F 1-2: DOUBLE (Line Drive, 9LD) Tom Hicks scores Ichizo Akiyama scores
|
Batting: RHB Carlos López
|
0-0: Called Strike 0-1: Foul Ball, location: 2F 0-2: Foul Ball, location: 2F 0-2: Ball 1-2: Strikes out swinging
|
Batting: RHB Ryosei Yamamoto
|
0-0: Ball 1-0: Ground out 1-3 (Groundball, 13S)
|
Top of the 7th over - 2 run(s), 1 hit(s), 0 error(s), 1 left on base; Minnesota 4 - Reading 1 |
BOTTOM OF THE 7TH |
Reading Rainbows batting - Pitching for Minnesota ManBearPigs : LHP Ed Stevens
|
Now in LF: Carlos Luna
|
|
Batting: LHB António Salazar
|
0-0: Swinging Strike 0-1: Ball 1-1: Foul Ball, location: 2F 1-2: Ball 2-2: Foul Ball, location: 2F 2-2: Ground out 4-3 (Groundball, 4)
|
Batting: RHB Ron King
|
0-0: Called Strike 0-1: Ball 1-1: Fly out, F8 (Flyball, 89M)
|
Batting: RHB Ethan Moore
|
0-0: Foul Ball, location: 2F 0-1: Ball 1-1: Foul Ball, location: 2F 1-2: Ball 2-2: Foul Ball, location: 2F 2-2: SINGLE (Line Drive, 6M)
|
Batting: LHB Shane Lynch
|
0-0: Called Strike 0-1: Fly out, F4 (Line Drive, 4)
|
Bottom of the 7th over - 0 run(s), 1 hit(s), 0 error(s), 1 left on base; Minnesota 4 - Reading 1 |
TOP OF THE 8TH |
Minnesota ManBearPigs batting - Pitching for Reading Rainbows : LHP Robert Trent
|
Batting: RHB Chris Burrell
|
0-0: DOUBLE (Line Drive, 7LM)
|
Batting: RHB Ricardo Salazar
|
0-0: Ball 1-0: Ball 2-0: Ball 3-0: Called Strike 3-1: Called Strike 3-2: Base on Balls
|
Batting: RHB Jeffrey Hicks
|
0-0: Ball 1-0: Fielders Choice at 2nd, 4-6 (Groundball, 4) Chris Burrell to third
|
Batting: RHB Tom Hicks
|
0-0: Ball 1-0: Ball Jeffrey Hicks steals 2nd base 2-0: Foul Ball, location: 2F 2-1: Called Strike 2-2: Strikes out looking
|
Batting: RHB Ichizo Akiyama
|
0-0: Called Strike 0-1: Ball Wild Pitch! Chris Burrell scores Jeffrey Hicks to third 1-1: Ball 2-1: Foul Ball, location: 2F 2-2: Ball 3-2: Fly out, F5 (Line Drive, 5)
|
Top of the 8th over - 1 run(s), 1 hit(s), 0 error(s), 1 left on base; Minnesota 5 - Reading 1 |
BOTTOM OF THE 8TH |
Reading Rainbows batting - Pitching for Minnesota ManBearPigs : LHP Ed Stevens
|
Batting: SHB Dan Chandler
|
0-0: Fly out, F9 (Flyball, 9LMF)
|
Batting: RHB Hubert Brown
|
0-0: Ball 1-0: Ball 2-0: Ball 3-0: Called Strike 3-1: SINGLE (Groundball, 34S) (infield hit)
|
Pitching: RHP Danny Johnston
|
|
Batting: RHB Louis Smith
|
0-0: Called Strike 0-1: Ball 1-1: Ball 2-1: Called Strike 2-2: Foul Ball, location: 2F 2-2: Grounds into double play, 6-4-3 (Groundball, 6)
|
Bottom of the 8th over - 0 run(s), 1 hit(s), 0 error(s), 0 left on base; Minnesota 5 - Reading 1 |
TOP OF THE 9TH |
Minnesota ManBearPigs batting - Pitching for Reading Rainbows : LHP Robert Trent
|
Pitching: RHP Luis Silva
|
|
Batting: RHB Luis Maldonado
|
0-0: Ball 1-0: Ball 2-0: Ground out 6-3 (Groundball, 6)
|
Batting: SHB Roberto Rivera
|
0-0: Ball 1-0: Foul Ball, location: 2F 1-1: Ball 2-1: Swinging Strike 2-2: Ball 3-2: Foul Ball, location: 2F 3-2: Base on Balls
|
Batting: RHB Carlos López
|
0-0: Ball 1-0: Ball 2-0: Ball 3-0: Foul Ball, location: 2F 3-1: SINGLE (Flyball, 8LS) Roberto Rivera to second
|
Batting: RHB Carlos Luna
|
0-0: Ball 1-0: Fly out, F8 (Flyball, 8RD) Runner from 2nd tags up, SAFE at 3rd, no throw
|
Batting: RHB Chris Burrell
|
0-0: Called Strike 0-1: Ball 1-1: Ball 2-1: Ball 3-1: Called Strike Pickoff Throw to First - Error! E1 Roberto Rivera scores Carlos López to second 3-2: Strikes out swinging
|
Top of the 9th over - 1 run(s), 1 hit(s), 1 error(s), 1 left on base; Minnesota 6 - Reading 1 |
BOTTOM OF THE 9TH |
Reading Rainbows batting - Pitching for Minnesota ManBearPigs : RHP Danny Johnston
|
Pitching: RHP Renaldo Quilh
|
|
Now at 1B: Yasutoki Kojima
|
|
Batting: RHB Jeff Townsley
|
0-0: Fly out, F3 (Popup, 3D)
|
Batting: RHB Juan Magdayao
|
0-0: Called Strike 0-1: Ball 1-1: Ball 2-1: Swinging Strike 2-2: Strikes out swinging
|
Batting: LHB António Salazar
|
0-0: Ball 1-0: Ball 2-0: Ball 3-0: Called Strike 3-1: Base on Balls
|
Batting: RHB Ron King
|
0-0: Called Strike 0-1: Foul Ball, location: 2F 0-2: Strikes out swinging
|
Bottom of the 9th over - 0 run(s), 0 hit(s), 0 error(s), 1 left on base; Minnesota 6 - Reading 1 |
|